 Dungeon Crawl Stone Soup version 0.26-a0-546-g3c2127501a (webtiles) character file.

Game seed: 15097085962570307861

56 GeoCrane the Skirmisher (level 3, 0/34 HPs)
             Began as a Minotaur Fighter on Aug 19, 2020.
             Slain by an adder (1 damage)
             ... on level 3 of the Dungeon.
             The game lasted 00:07:31 (1732 turns).

GeoCrane the Skirmisher (Minotaur Fighter)          Turns: 1732, Time: 00:07:32

Health: 0/34       AC:  6    Str: 21    XL:     3   Next: 71%
Magic:  2/2        EV:  7    Int:  5    God:
Gold:   14         SH:  9    Dex:  9    Spells: 2/2 levels left

rFire    . . .     SeeInvis .   a - +0 long sword
rCold    . . .     Faith    .   c - +0 kite shield
rNeg     . . .     Spirit   .   b - +0 scale mail
rPois    .         Reflect  .   (helmet restricted)
rElec    .         Harm     .   (no cloak)
rCorr    .                      (no gloves)
MR       .....                  (no boots)
Stlth    ..........             (no amulet)
HPRegen  0.11/turn              (no ring)
MPRegen  0.08/turn              (no ring)

@: no status effects
A: retaliatory headbutt, horns 2
a: no special abilities


You were on level 3 of the Dungeon.
You visited 1 branch of the dungeon, and saw 3 of its levels.

You collected 14 gold pieces.

Inventory:

Hand Weapons
 a - a +0 long sword (weapon)
Missiles
 n - 4 datura-tipped darts (quivered)
Armour
 b - a +0 scale mail (worn)
 c - a +0 kite shield (worn)
Wands
 l - a wand of paralysis (9)
Scrolls
 h - a scroll of fog {unknown}
 i - 4 scrolls of identify {unknown}
 j - a scroll of enchant armour {unknown}
 k - a scroll of remove curse {unknown}
 m - a scroll of magic mapping {unknown}
Potions
 d - a potion of might
 e - 2 potions of lignification {unknown}
 f - 3 potions of curing {unknown}
 g - a potion of haste {unknown}


   Skills:
 + Level 4.4 Fighting
 * Level 4.3 Long Blades
 - Level 3.6 Armour
 - Level 3.6 Shields


You had 2 spell levels left.
You didn't know any spells.
Your spell library was empty.

Dungeon Overview and Level Annotations

Branches:
Dungeon (3/15)

Altars:
Zin

Annotations:
D:2 Sigmund


Innate Abilities, Weirdness & Mutations

You reflexively headbutt those who attack you in melee.
You have a pair of horns on your head.


Message History

The adder hisses angrily.
The adder bites you but does no damage. You block the adder's attack.
The adder hisses angrily.
The adder bites you.
* * * LOW HITPOINT WARNING * * *
There is a stone staircase leading up here.
The adder bites you but does no damage. x2
You climb upwards.
Level annotation: Sigmund
There is a stone staircase leading down here.
The adder bites you but does no damage. The adder bites you.
* * * LOW HITPOINT WARNING * * *
You climb downwards.
There is a stone staircase leading up here.
The adder is no longer moving quickly.
The adder no longer looks unusually strong.
The adder is no longer in an insane frenzy.
The adder bites you.
You die...

#######
......#########################
#######.....>....................
.(..........####........###.#####
#..(..##.## #S.####### #.#
#<###.##.#####@.##### #.# #
#.##............#####.#
#.....####..###.....#.# #..#.##
#..# #####.#.# #..#.# #... ...#
#..#.# #.... (..# ...#.# #..##
..## .##.#.# #..# ..# .# #.#.#
#.# ... ##


You could see an adder (slow).

Vanquished Creatures
  2 adders
  A worm (D:2)
  A leopard gecko (D:2)
  3 bats
  A giant cockroach (D:3)
  6 hobgoblins
  4 kobolds
  7 frilled lizards
  3 goblins
  8 rats
36 creatures vanquished.

Notes
Turn   | Place    | Note
-------+----------+-------------------------------------------
     0 | D:1      | GeoCrane the Minotaur Fighter began the quest for the Orb.
     0 | D:1      | Reached XP level 1. HP: 19/19 MP: 0/0
   156 | D:1      | Reached XP level 2. HP: 25/27 MP: 1/1
   823 | D:2      | Noticed Sigmund
   830 | D:1      | Reached XP level 3. HP: 33/33 MP: 2/2
  1159 | D:2      | Noticed a centaur
  1530 | D:3      | Found a glowing silver altar of Zin.
  1730 | D:2      | HP: 1/34 [adder (2)]
  1732 | D:3      | Slain by an adder

Illustrated notes

Levels and vault maps discovered:
D:1:      nicolae_arrival_washed_ashore, layout_basic
D:2:      layout_basic, gammafunk_temple_overflow_pools, grunt_decor_cap,
          uniq_sigmund
D:3:      layout_loops_ring, nicolae_overflow_crystal_walls

Skill      XL: |  1  2  3 |
---------------+----------+-----
Long Blades    | 3 4 |  4.3
Fighting       | 4 |  4.4
Armour         | |  3.6
Shields        | |  3.6

Action                   || total
-------------------------++-------
Melee: Long sword        ||    73
       Headbutt          ||    11
Throw: Dart              ||     3
Armor: Scale mail        ||    39
Dodge: Dodged            ||    16
Block: Kite shield       ||    47
       Rpst.: Long sword ||     3

Table legend: (Time is in decaauts)
 A = Elapsed time spent in this place.
 B = Non-inter-level travel time spent in this place.
 C = Inter-level travel time spent in this place.
 D = Time resting spent in this place.
 E = Time spent auto-exploring this place.
 F = Levels seen in this place.
 G = Mean time per level.
                   A        B        C        D        E       F      G
               +--------+--------+--------+--------+--------+-----+--------+
         Total |   1758 |   1610 |    148 |    220 |   1014 |   3 |  586.0 |
       Dungeon |   1758 |   1610 |    148 |    220 |   1014 |   3 |  586.0 |
               +--------+--------+--------+--------+--------+-----+--------+

Top non-repeatable levels by time:
     D:1: 994 daAuts
     D:2: 465 daAuts
     D:3: 297 daAuts
